[Event "*** Titled Tuesday Blitz"]
[Site "Chess.com"]
[Date "2018.11.06"]
[Round "5"]
[White "Fins0905"]
[Black "Artooooo"]
[Result "1-0"]
[WhiteElo "2599"]
[BlackElo "2737"]
[TimeControl "180+2"]
[EndTime "14:06:57 PST"]
[Termination "Fins0905 won by resignation"]

1. e4 e6 2. d3 d5 3. Nd2 c5 4. Ngf3 Nf6 5. g3 Nc6 6. Bg2 g6 7. O-O Bg7 8. Re1 O-O 9. c3 a5 10. a4 b6 11. e5 Nd7 12. d4 cxd4 13. cxd4 Ba6 14. Nf1 Nb4 15. Bg5 Qe8 16. Qd2 Rc8 17. Rec1 Rxc1 18. Rxc1 Nb8 19. b3 Qd7 20. Bh6 Rc8 21.
h4 Rxc1 22. Qxc1 Qc8 23. Qe3 Bxh6 24. Qxh6 Qf8 25. Qg5 h6 26. Qf4 Nd7 27. N1h2 Bd3 28. Ng4 Kh7 29. Nxh6 Qxh6 30. Ng5+ Kg8 31. Qxf7+ Kh8 32.
Qxd7 Qg7 33. Qe8+ Qg8 34. Qe7 Qg7 35. Qxe6 Bf5 36. Qxb6 Nc2 37. Bxd5 Qd7 38. Qf6+ Qg7 39. Qd8+ 1-0

[Event "*** Titled Tuesday Blitz"]
[Site "Chess.com"]
[Date "2018.11.06"]
[Round "5"]
[White "Malev212"]
[Black "Alopekos"]
[Result "1-0"]
[WhiteElo "2615"]
[BlackElo "2473"]
[TimeControl "180+2"]
[EndTime "14:06:58 PST"]
[Termination "Malev212 won on time"]

1. b3 Nf6 2. Bb2 g6 3. e3 Bg7 4.
Nf3 O-O 5. d4 c5 6. Nbd2 cxd4 7.
Nxd4 Nc6 8. Be2 d5 9. O-O Re8 10. c4 e5 11. Nxc6 bxc6 12. cxd5 cxd5 13. Nf3 Ne4 14.
Bb5 Re6 15. Rc1 Bb7 16. Qe2 Qb6 17. Rfd1 Rd8 18. Bd3 Nc5 19. Ng5 Nxd3 20. Qxd3 Ree8 21. Qd2 h6 22. Nh3 d4 23. exd4 exd4 24. Re1 Qd6 25. f3 Be5 26. Qxh6 Bg7 27. Qd2 Bc8 28. Nf2 Kh7 29. Ne4 Qd5 30. Rc5 Qd7 31. Ng5+ Kg8 32. Rxe8+ Rxe8 33. Rc4 Ba6 34. Ra4 Re2 35. Qc1 Qb5 36. Rc4 1-0

[Event "*** Titled Tuesday Blitz"]
[Site "Chess.com"]
[Date "2018.11.06"]
[Round "5"]
[White "BilodeauA"]
[Black "Chopper1905"]
[Result "1-0"]
[WhiteElo "2840"]
[BlackElo "2672"]
[TimeControl "180+2"]
[EndTime "14:07:02 PST"]
[Termination "BilodeauA won by checkmate"]

1. d4 Nf6 2. Nc3 d5 3. Bf4 c6 4. e3 Bf5 5. f3 e6 6. g4 Bg6 7. h4 h6 8. Bd3 Bxd3 9. Qxd3 Bd6 10. O-O-O Bxf4 11. exf4 Nbd7 12. f5 Qe7 13. fxe6 fxe6 14. Nh3 e5 15. Rhe1 O-O 16. dxe5 Nxe5 17. Qd4 Nfd7 18. f4 Qxh4 19. fxe5 Qxh3 20. e6 Nf6 21. Rg1 Qh4 22. Kb1 Qg5 23. a3 b6 24. Rde1 c5 25.
Qd3 Rae8 26. Rgf1 Qxg4 27. e7 Rf7 28. Nxd5 Qg5 29. Rf5 Qh4 30. Ref1 Rexe7 31. Nxe7+ Rxe7 32. Ka2 Qe4 33. Qb3+ Qe6 34. c4 Rd7 35. R5f4 Rd2 36. Qc3 Re2 37. Rg1 Kf7 38. Qd3 Kf8 39. Rxf6+ gxf6 40.
Qd8+ Kf7 41. Qg8+ Ke7 42. Rg7+ Kd6 43. Qb8+ Kc6 44. Qc7# 1-0

[Event "*** Titled Tuesday Blitz"]
[Site "Chess.com"]
[Date "2018.11.06"]
[Round "5"]
[White "HanSchut"]
[Black "DonPreuss"]
[Result "1-0"]
[WhiteElo "2297"]
[BlackElo "2106"]
[TimeControl "180+2"]
[EndTime "14:07:02 PST"]
[Termination "HanSchut won by checkmate"]

1. e4 e5 2. Nf3 d5 3. exd5 e4 4. Ne5 Qxd5 5. d4 exd3 6. Nxd3 Bd6 7. Nc3 Qf5 8. Be3 Nf6 9. Be2 O-O 10. Qd2 a6 11.
O-O-O Nc6 12. f3 Be6 13. g4 Qa5 14. Kb1 b5 15. g5 Nd7 16. a3 b4 17. Ne4 Be7 18. Nf4 Nb6 19. Rdg1 Na4 20. Nxe6 fxe6 21.
Bc4 Rab8 22. Bxe6+ Kh8 23. Bb3 Nxb2 24. Kxb2 Qxa3+ 25. Kb1 a5 26. Qc1 a4 27. Bd5 Ne5 28. Qxa3 bxa3+ 29. Ka2 Nxf3 30. Rf1 Rb2+ 31. Ka1 Ne5 32. Bd4 Rd8 33. Bxe5 Rxc2 34. Rd1 Re2 35. Bc6 Rf8 36. Rhf1 Rb8 37. Bxc7 Rc8 38. Rd7 Bb4 39. Be5 a2 40. Bxg7+ Kg8 41. Bd5# 1-0

[Event "*** Titled Tuesday Blitz"]
[Site "Chess.com"]
[Date "2018.11.06"]
[Round "5"]
[White "GasconJR"]
[Black "GCamachoMartinez"]
[Result "1-0"]
[WhiteElo "2421"]
[BlackElo "2320"]
[TimeControl "180+2"]
[EndTime "14:07:03 PST"]
[Termination "GasconJR won by resignation"]

1. e4 e5 2. Nf3 Nf6 3. Nxe5 d6 4. Nf3 Nxe4 5. c4 Be7 6. Nc3 Nxc3 7. dxc3 Nc6 8. Bf4 Bg4 9. Be2 O-O 10. Qd2 Re8 11. O-O-O Bf6 12. h3 Bf5 13. Bd3 Bxd3 14. Qxd3 Ne5 15.
Qd5 Nxf3 16. Qxf3 Qd7 17. Qd3 Qc6 18. f3 a6 19. Rhe1 b5 20. Rxe8+ Rxe8 21. cxb5 axb5 22. Qd5 Qa6 23. Bg3 h6 24. Re1 Ra8 25. Bf4 c6 26.
Qb3 d5 27. a3 d4 28. cxd4 Bxd4 29.
Re7 Rf8 30. Rd7 Bf6 31. Bd6 Qc8 32. Ra7 Qe6 33. Qxe6 fxe6 34. Bxf8 Kxf8 35. Rc7 Be7 36. Rxc6 Kf7 37. Rb6 b4 38. axb4 Bd8 39. Rb7+ Kf6 40. b5 e5 41. b6 g5 42. Rh7 1-0

[Event "*** Titled Tuesday Blitz"]
[Site "Chess.com"]
[Date "2018.11.06"]
[Round "5"]
[White "CarlssonLudvig"]
[Black "santosalberto1987"]
[Result "0-1"]
[WhiteElo "2263"]
[BlackElo "2401"]
[TimeControl "180+2"]
[EndTime "14:07:04 PST"]
[Termination "santosalberto1987 won by checkmate"]

1. e4 e6 2. d4 d5 3. Nd2 c5 4. Ngf3 cxd4 5. exd5 Qxd5 6. Bc4 Qd6 7. O-O Nf6 8. Nb3 Nc6 9. Nbxd4 Nxd4 10. Nxd4 a6 11. c3 Bd7 12. Bd3 Qc7 13. Re1 O-O-O 14. Qf3 Bd6 15. h3 Kb8 16. Bg5 Qc5 17. Bxf6 gxf6 18. Qxf6 Rhg8 19. Qxf7 Bc8 20. Nxe6 Qd5 21. Bf1 Rde8 22.
Nd8 Qxf7 23. Nxf7 Bc7 24. g3 Ref8 25. Ne5 h5 26. h4 Rf5 27. Nc4 b5 28. Ne3 Rf6 29.
Bg2 Rgf8 30. f4 Rg6 31. Kh2 Rfg8 32. Bd5 R8g7 33. Nf1 Bb6 34. Re2 Bg4 35. Rd2 Bf5 36.
Re1 Bc7 37. Re3 Rg4 38. Bf3 Bxf4 39. gxf4 Rxh4# 0-1

[Event "*** Titled Tuesday Blitz"]
[Site "Chess.com"]
[Date "2018.11.06"]
[Round "5"]
[White "GMHess"]
[Black "Mikhail_Golubev"]
[Result "1/2-1/2"]
[WhiteElo "2667"]
[BlackElo "2444"]
[TimeControl "180+2"]
[EndTime "14:07:08 PST"]
[Termination "Game drawn by repetition"]

1. d4 Nf6 2. c4 g6 3. Nc3 Bg7 4. e4 d6 5. f3 O-O 6. Be3 a6 7. Qd2 Nbd7 8. h4 c5 9. d5 h5 10. Nh3 Ne5 11. Ng5 b5 12. cxb5 axb5 13. Nxb5 Bd7 14.
Nc3 Qb6 15. Rb1 Rfb8 16. b4 Ra3 17. Be2 Nfg4 18. fxg4 Nxg4 19. Nd1 Nxe3 20. Rb3 Rxb3 21. axb3 Nxd1 22. Bxd1 Qxb4 23. Qxb4 Rxb4 24. O-O Bf6 25. Bc2 Rd4 26. Rf2 Bb5 27. g3 Bxg5 28. hxg5 Bd3 29.
Bxd3 Rxd3 30. Kg2 Rxb3 31. Ra2 f6 32. gxf6 exf6 33. Ra6 Re3 34. Rxd6 Rxe4 35. Rxf6 Kg7 36.
Rc6 c4 37. d6 Rd4 38. d7 Rxd7 39.
Rxc4 Kh6 40. Kh3 Rd2 41. Rc6 Kg5 42. Rc5+ Kh6 43. Rc6 Kg5 44. Rc5+ Kh6 45. Rc6 1/2-1/2

[Event "*** Titled Tuesday Blitz"]
[Site "Chess.com"]
[Date "2018.11.06"]
[Round "5"]
[White "vovachesss"]
[Black "PeshkaNavalnogo12"]
[Result "1-0"]
[WhiteElo "2450"]
[BlackElo "2453"]
[TimeControl "180+2"]
[EndTime "14:07:08 PST"]
[Termination "vovachesss won on time"]

1. e4 c5 2. d4 cxd4 3. c3 d3 4. Nf3 Nc6 5. Bxd3 d6 6. O-O g6 7. Qe2 Bg7 8. h3 Nf6 9. Nbd2 O-O 10. Nc4 Nd7 11. Rd1 b5 12. Ne3 b4 13. Bd2 Bb7 14. cxb4 Nde5 15. Nxe5 Nxe5 16. Bc3 e6 17. Bc2 Rc8 18. Rd2 Qh4 19. f4 Qxf4 20. Rf1 Qg3 21.
Rxd6 Nf3+ 22. Qxf3 Qxd6 23. Bxg7 Kxg7 24. Qf6+ Kg8 25. Ng4 h5 26. Nh6+ Kh7 27. Nxf7 Rxc2 28. Nxd6 Rxf6 29. Rxf6 Ba6 30. b5 Bc8 31. Rf8 Bd7 32.
Rf7+ Kh6 33. Rxd7 Rxb2 34. Rxa7 Kg5 35. Kh2 Kh4 36. Ra3 g5 37. b6 g4 38. hxg4 Rxb6 39. Nc4 Rb4 40. gxh5 Rxc4 41. h6 Kg5 42. h7 Rc8 43. Rg3+ 1-0

[Event "*** Titled Tuesday Blitz"]
[Site "Chess.com"]
[Date "2018.11.06"]
[Round "5"]
[White "nOcHeaTiNgKiD"]
[Black "Alohamora11"]
[Result "0-1"]
[WhiteElo "2438"]
[BlackElo "2325"]
[TimeControl "180+2"]
[EndTime "14:07:09 PST"]
[Termination "Alohamora11 won by checkmate"]

1. e4 c5 2. b4 cxb4 3. Nf3 e6 4. a3 d5 5. e5 Nc6 6. d4 Qa5 7. Bd3 Nge7 8. g4 h5 9. Rg1 hxg4 10. Rxg4 b3+ 11.
Bd2 bxc2 12. Qxc2 Qb6 13. Nc3 g6 14. Rb1 Qd8 15. Bg5 Qd7 16. Bf6 Rh3 17. Ng5 Rxh2 18. Nxf7 Nxd4 19. Nd6+ Qxd6 20. Qa4+ Qc6 21. Qxd4 Nf5 22.
Bxf5 exf5 23. Rxg6 Rh1+ 24. Kd2 Rxb1 25. Nxb1 Kf7 26.
Rg1 Bh6+ 27. f4 Be6 28. Rh1 Rc8 29. Nc3 Bxf4+ 30. Kd3 Qc4+ 31. Qxc4 dxc4+ 32. Ke2 Kg6 33. Rg1+ Kh5 34. Kf3 Bd2 35. Rh1+ Kg6 36. Rg1+ Kf7 37.
Rg7+ Kf8 38. Nb5 c3 39. Re7 c2 40. Nd4 Bd5+ 41. Kf2 c1=Q 42. Nxf5 Qe1# 0-1

[Event "*** Titled Tuesday Blitz"]
[Site "Chess.com"]
[Date "2018.11.06"]
[Round "5"]
[White "dhanushbharadwaj"]
[Black "xavielhumilde_1999"]
[Result "0-1"]
[WhiteElo "2481"]
[BlackElo "2321"]
[TimeControl "180+2"]
[EndTime "14:07:13 PST"]
[Termination "xavielhumilde_1999 won by checkmate"]

1. Nf3 Nf6 2. c4 c5 3. Nc3 e6 4. g3 b6 5. Bg2 Bb7 6. O-O Be7 7. Re1 d6 8. e4 a6 9. d4 cxd4 10. Nxd4 Qc7 11. Be3 O-O 12. Rc1 Nbd7 13. b3 Rfe8 14. h3 Rac8 15. f4 h5 16. g4 hxg4 17. hxg4 Nc5 18.
Bf2 d5 19. e5 Nfe4 20. Nxe4 dxe4 21. Be3 Nd3 22. g5 Nxc1 23. Qxc1 b5 24. Qd1 bxc4 25. Qh5 g6 26. Qh3 Bf8 27. bxc4 Qxc4 28. Bf1 Qxa2 29.
Re2 Qa3 30. Rh2 Bg7 31. Be2 Rc3 32. Kf2 Rec8 33. f5 exf5 34. e6 Rxe3 35. Qh7+ Kf8 36. e7+ Kxe7 37. Qxg7 Qd6 38. Qf6+ Qxf6 39. gxf6+ Kxf6 40. Kxe3 Ke5 41. Rh7 f4+ 42. Kf2 Kxd4 43. Rxf7 e3+ 44.
Ke1 Rc1+ 45. Bd1 Bd5 46. Rxf4+ Kd3 47. Ra4 Rxd1+ 48. Kxd1 Bb3+ 49. Ke1 Bxa4 50. Kf1 Kd2 51. Kg2 e2 52. Kg3 e1=R 53. Kg4 Bc2 54. Kg5 a5 55. Kf6 a4 56. Kg5 a3 57. Kf6 a2 58. Kg7 a1=Q+ 59.
Kh6 Qf6 60. Kh7 Rh1+ 61. Kg8 Rh8# 0-1

[Event "*** Titled Tuesday Blitz"]
[Site "Chess.com"]
[Date "2018.11.06"]
[Round "5"]
[White "dmosesov"]
[Black "BvsN"]
[Result "1-0"]
[WhiteElo "2353"]
[BlackElo "2211"]
[TimeControl "180+2"]
[EndTime "14:07:14 PST"]
[Termination "dmosesov won by resignation"]

1. e4 c5 2. Nf3 e6 3. d4 cxd4 4. Nxd4 a6 5. Bd3 Nf6 6. O-O d6 7. Qe2 g6 8. c4 Bg7 9. Nc3 O-O 10.
Be3 b6 11. Kh1 Bb7 12. Rfd1 Nbd7 13. f3 Ne5 14. Rac1 Nxd3 15. Qxd3 Qc7 16. b4 Nd7 17. Na4 Rfd8 18. Nb3 Bf8 19. Qe2 Bc6 20. b5 axb5 21.
cxb5 Rxa4 22. Rxc6 Qa7 23. Rd2 Ne5 24. Rxb6 Qc7 25. Ra6 Rc4 26. Bb6 Rc1+ 27. Nxc1 Qxc1+ 28. Rd1 Qc8 29. Bxd8 Qxd8 30. b6 Nd7 31. b7 Nb8 32.
Ra8 Qc7 33. Rb1 Kg7 34. a4 Be7 35. a5 d5 36. exd5 exd5 37. a6 Qc4 38. Qxc4 dxc4 39.
Rxb8 1-0

[Event "*** Titled Tuesday Blitz"]
[Site "Chess.com"]
[Date "2018.11.06"]
[Round "5"]
[White "volcanoexplorer"]
[Black "sere99"]
[Result "1-0"]
[WhiteElo "2471"]
[BlackElo "2307"]
[TimeControl "180+2"]
[EndTime "14:07:16 PST"]
[Termination "volcanoexplorer won by resignation"]

1. e4 c6 2. d4 d5 3. exd5 cxd5 4. Bd3 Nc6 5. c3 Qc7 6. Ne2 Bg4 7. f3 Bd7 8. Bf4 e5 9. dxe5 Nxe5 10. Bc2 Nf6 11.
O-O Bd6 12. Kh1 O-O 13. Nd4 Rae8 14. Nd2 a6 15. a4 Nh5 16. Bg3 Nxg3+ 17. hxg3 Ng6 18.
f4 Qb6 19. Bb3 Bc5 20. N2f3 Bg4 21. Bxd5 Qxb2 22. Qd3 Bxf3 23. Bxf3 Rd8 24. Rab1 Qa3 25. Qc4 Bxd4 26. cxd4 Rc8 27. Qb4 Qe3 28. d5 Ne7 29.
Rfe1 Qd3 30. Qxe7 h6 31. Qe4 Qa3 32. Qd4 Rc3 33. Rf1 Rd3 34. Qb4 Qa2 35. d6 Rd8 36. Rfd1 Rxd1+ 37. Rxd1 Qf2 38. d7 Qxg3 39. Qe7 1-0

[Event "*** Titled Tuesday Blitz"]
[Site "Chess.com"]
[Date "2018.11.06"]
[Round "5"]
[White "JonahWillow"]
[Black "NTBT_DHS"]
[Result "0-1"]
[WhiteElo "2695"]
[BlackElo "2744"]
[TimeControl "180+2"]
[EndTime "14:07:17 PST"]
[Termination "NTBT_DHS won by resignation"]

1. e4 g6 2. d4 Bg7 3. Nc3 d6 4. f4 Nd7 5. Nf3 Ngf6 6. e5 Ng8 7. Bd3 e6 8. O-O Ne7 9. exd6 cxd6 10. Ne4 Nf6 11.
c3 Nxe4 12. Bxe4 O-O 13. Be3 Nd5 14. Re1 Nxe3 15. Rxe3 Rb8 16. Qa4 a6 17. Rae1 b5 18. Qa3 Qc7 19. d5 e5 20. fxe5 dxe5 21. d6 Qb6 22.
Kh1 Be6 23. Ng5 Rbd8 24. Nxe6 fxe6 25. Rd3 Qf2 26. Rdd1 Rf4 27. Qb3 Rxd6 28. Bf3 e4 29. Rf1 Qc5 30. Be2 Rxf1+ 31. Rxf1 h5 32. a4 Rd5 33. axb5 axb5 34. c4 Rd2 35. cxb5 Rxe2 36. b6 Rxb2 37. Qxe6+ Kh7 38. Qxe4 Qxb6 39. g4 Qd6 40. Qf4 Qd5+ 41. Qf3 Qe5 42. Qf4 Qe2 43. Rg1 hxg4 44. Rxg4 Qd1+ 0-1

[Event "*** Titled Tuesday Blitz"]
[Site "Chess.com"]
[Date "2018.11.06"]
[Round "5"]
[White "ZuchBolt"]
[Black "Kawhi_Leonard2"]
[Result "0-1"]
[WhiteElo "2269"]
[BlackElo "2291"]
[TimeControl "180+2"]
[EndTime "14:07:17 PST"]
[Termination "Kawhi_Leonard2 won by resignation"]

1. d4 Nf6 2. c4 c5 3. d5 e6 4. Nc3 exd5 5. cxd5 d6 6. e4 g6 7. f3 Bg7 8. Nge2 a6 9. a4 Nbd7 10. Ng3 h5 11. Be2 h4 12. Nf1 Ne5 13. Ne3 Nh5 14.
Nc4 Nxc4 15. Bxc4 Qe7 16. O-O Bd4+ 17. Rf2 Bd7 18. Ne2 Bxf2+ 19. Kxf2 O-O 20. a5 Qe5 21. g3 f5 22. Bf4 Nxf4 23. gxf4 Qxb2 24. Rb1 Qg7 25.
Rxb7 fxe4 26. fxe4 Rfb8 27. Qb3 Qf8 28. e5 Bb5 29.
Rc7 Qd8 30. Rxc5 dxc5 31. d6+ Bxc4 32. Qxc4+ Kg7 33. Qxc5 Rb5 34. Qd4 Qxa5 35. e6+ Kh7 36. e7 Rd5 37. Qf6 Rxd6 38. Qxd6 Re8 39. Qf6 Qc5+ 40.
Nd4 Qxe7 41. Qxa6 Qe3+ 42. Kf1 Qxd4 43. Qb7+ Kh6 44. Qb5 Qd1+ 0-1

[Event "*** Titled Tuesday Blitz"]
[Site "Chess.com"]
[Date "2018.11.06"]
[Round "5"]
[White "Ramosha"]
[Black "Caminator2000"]
[Result "0-1"]
[WhiteElo "2462"]
[BlackElo "2323"]
[TimeControl "180+2"]
[EndTime "14:07:17 PST"]
[Termination "Caminator2000 won by checkmate"]

1. d4 b5 2. Nf3 Bb7 3. g3 Nf6 4. Bg2 e6 5. O-O c5 6. c3 d6 7. a4 a6 8. Na3 Nbd7 9. Bf4 b4 10. cxb4 cxd4 11. e3 dxe3 12. Bxe3 Be7 13. Nc4 d5 14.
Na5 Rb8 15. Bf4 Bxb4 16. Bxb8 Qxa5 17. Bf4 O-O 18. Bd2 Ne4 19. Bxb4 Qxb4 20. Qd4 Qd6 21.
b4 e5 22. Qb2 d4 23. Nd2 f5 24. Rfe1 Ndf6 25. b5 a5 26. Rac1 Ng4 27. Nxe4 fxe4 28. Bxe4 Bxe4 29. Rxe4 Nxf2 30. Qb3+ Kh8 31. Re2 Nh3+ 32.
Kg2 d3 33. Rd2 e4 34. Re1 Qh6 35. Qc3 Ng5 36. Kh1 Nf3 37. Rf2 Rd8 38. Rd1 Qe3 39. Qc7 Rf8 40. Rdf1 d2 41. b6 Qxf2 42. Rxf2 d1=Q+ 43.
Kg2 Qg1+ 44. Kh3 Qxf2 45. b7 Qxh2+ 46. Kg4 h5# 0-1

[Event "*** Titled Tuesday Blitz"]
[Site "Chess.com"]
[Date "2018.11.06"]
[Round "5"]
[White "Zq1"]
[Black "Paparama_1917"]
[Result "0-1"]
[WhiteElo "2491"]
[BlackElo "2583"]
[TimeControl "180+2"]
[EndTime "14:07:24 PST"]
[Termination "Paparama_1917 won by resignation"]

1. d4 d6 2. Nf3 Bg4 3. g3 Bxf3 4.
exf3 c6 5. c4 e6 6. f4 g6 7. d5 Bg7 8. Nc3 exd5 9. cxd5 Ne7 10.
Bg2 O-O 11. O-O c5 12. h4 Na6 13. h5 Nc7 14. a4 Nf5 15. Re1 Bd4 16. Qd3 Qf6 17.
Be4 Rfe8 18. Bd2 Nh6 19. Qf3 Re7 20. Kg2 Rae8 21. Bd3 Rxe1 22. Rxe1 Rxe1 23. Bxe1 Qe7 24. Bd2 f5 25. Nd1 Ng4 26. b4 b6 27. bxc5 bxc5 28. Bc4 gxh5 29. Qb3 Ne8 30. Bd3 Ng7 31. Qb8+ Kf7 32. Qc8 Kg6 33. Qg8 Nf6 34. Qc8 Nxd5 35. Qc6 Nf6 36. Ne3 Bxe3 37. Bxe3 Ne4 38. Bc4 Ne6 39. Qc8 Ng7 40. Qg8 Nf6 41. Qc8 Qe4+ 0-1

[Event "*** Titled Tuesday Blitz"]
[Site "Chess.com"]
[Date "2018.11.06"]
[Round "5"]
[White "poummba"]
[Black "alishersuleymenov"]
[Result "1-0"]
[WhiteElo "2415"]
[BlackElo "2482"]
[TimeControl "180+2"]
[EndTime "14:07:25 PST"]
[Termination "poummba won by checkmate"]

1. d4 Nf6 2. c4 c5 3. Nf3 g6 4. g3 Bg7 5. Bg2 O-O 6. Nc3 cxd4 7.
Nxd4 Nc6 8. O-O d6 9. Nxc6 bxc6 10. Bxc6 Rb8 11. Bg2 Qa5 12. Nb5 Be6 13. Bd2 Qa6 14.
b3 Rfc8 15. Bc3 d5 16. Be5 dxc4 17. Bxb8 Qxb5 18. Bxa7 cxb3 19. axb3 Nd5 20. Bd4 Bxd4 21. Qxd4 Nc3 22. Kh1 Nxe2 23. Qe3 Rc3 24. Qh6 Bd5 25.
Rfd1 Bxg2+ 26. Kxg2 Qb7+ 27. Kf1 Rc8 28. Kxe2 Qxb3 29.
Qe3 Qb5+ 30. Qd3 Qe5+ 31. Kf1 Rb8 32. Rab1 Ra8 33. Qd5 Qxd5 34. Rxd5 Kf8 35. Rb7 Ra1+ 36. Kg2 Re1 37. Rd8+ Kg7 38. Re8 Kf6 39. Rb6+ Kg7 40. h4 h5 41. Rb7 Kf6 42. Rb3 Rc1 43. Rf3+ Ke6 44. Re3+ Kf5 45. R8xe7 f6 46. Rf3+ Kg4 47. Rf4# 1-0

[Event "*** Titled Tuesday Blitz"]
[Site "Chess.com"]
[Date "2018.11.06"]
[Round "5"]
[White "paladin_ll"]
[Black "twitchTriniCupid"]
[Result "0-1"]
[WhiteElo "2161"]
[BlackElo "2250"]
[TimeControl "180+2"]
[EndTime "14:07:27 PST"]
[Termination "twitchTriniCupid won on time"]

1. Nf3 d5 2. c4 c6 3. cxd5 cxd5 4. d4 Nf6 5. Nc3 Nc6 6. Bf4 e6 7. e3 Bd6 8. Bxd6 Qxd6 9. Bb5 O-O 10. Bxc6 bxc6 11. O-O Rb8 12. Na4 Ne4 13. Rc1 Ba6 14. Re1 Rfc8 15. Nd2 Nf6 16. b3 e5 17. Nc5 Bb7 18.
Nf3 e4 19. Ne5 Ba8 20. h3 Re8 21. Qd2 Re7 22. Qa5 Ne8 23. Ng4 h5 24. Nh2 f5 25.
g3 g5 26. Rc3 f4 27. exf4 gxf4 28. gxf4 Rg7+ 29. Rg3 Qxf4 30. Re3 Qf7 31. Rxg7+ Nxg7 32. Rg3 Rf8 33. Qd2 Bb7 34. Rg2 Bc8 35. h4 Qf4 36.
Qe3 Qxh4 37. Qh6 Qf6 38. Qxh5 Qxd4 39. Qg5 Bh3 40. Qc1 Bxg2 41. Kxg2 Qxf2+ 42. Kh1 e3 43. Nd3 Qe2 44. Ne5 Qd2 45. Qxc6 e2 0-1

[Event "*** Titled Tuesday Blitz"]
[Site "Chess.com"]
[Date "2018.11.06"]
[Round "5"]
[White "TheRigos"]
[Black "EphiphanyLord"]
[Result "0-1"]
[WhiteElo "2405"]
[BlackElo "2581"]
[TimeControl "180+2"]
[EndTime "14:07:28 PST"]
[Termination "EphiphanyLord won by resignation"]

1. e4 e5 2. f4 d5 3. exd5 exf4 4. Nf3 Nf6 5. Bc4 Nxd5 6. O-O Be7 7. d4 O-O 8. Bb3 Bg4 9. c4 Ne3 10. Bxe3 fxe3 11.
Nc3 Nc6 12. Nd5 Bg5 13. Qd3 Bh6 14. Rae1 Re8 15. Ba4 e2 16. Rf2 Qd6 17. Rexe2 Rxe2 18. Rxe2 Bxf3 19. gxf3 Rd8 20. Kh1 g6 21. Bb3 Nb4 22.
Nxb4 Qxb4 23. Qe4 Bg7 24. d5 Qd6 25. Qe7 Bf6 26. Qe4 Kg7 27. Qe3 b6 28. Qd2 a5 29.
Kg2 h5 30. Qd3 h4 31. Qe4 h3+ 32. Kh1 Rh8 33. f4 Rh4 34. Rf2 Qc5 35. Qf3 Qb4 36.
Qe2 a4 37. Bd1 a3 38. b3 Qc3 39. Rf3 Qc1 40. Rf1 Rxf4 41. Rg1 Qb2 42. Qe3 Rf2 43. Qxh3 Be5 44. Rg2 Rf1+ 45. Rg1 Rxg1+ 46. Kxg1 Qd4+ 0-1

[Event "*** Titled Tuesday Blitz"]
[Site "Chess.com"]
[Date "2018.11.06"]
[Round "5"]
[White "FMJoseHerrera"]
[Black "Alex_Banzea"]
[Result "1/2-1/2"]
[WhiteElo "2505"]
[BlackElo "2315"]
[TimeControl "180+2"]
[EndTime "14:07:36 PST"]
[Termination "Game drawn by agreement"]

1. Nf3 Nf6 2. g3 b5 3. Bg2 Bb7 4. O-O e6 5. c3 Be7 6. Qb3 c6 7. a4 a6 8. d4 O-O 9. Bf4 d5 10. Nbd2 Nbd7 11. Rfe1 Qb6 12. c4 bxc4 13. Qc2 c5 14. a5 Qc6 15. Ne5 Nxe5 16. dxe5 Nd7 17. Nxc4 Qc7 18. Nd6 Bc6 19. b4 c4 20. Nxc4 dxc4 21.
Qxc4 Rac8 22. Rec1 Nb8 23. Rc2 Qb7 24. Rac1 Bxg2 25. Qxc8 Rxc8 26. Rxc8+ Bf8 27. f3 Bh3 28. Bg5 h6 29. Be3 Nd7 30. Rd8 Nxe5 31. Kf2 Nc6 32. Rxc6 Qxc6 33. Bc5 Kh7 34. Rxf8 f6 35. Rf7 Kg6 36. Ra7 Qc8 37. Be3 e5 38. g4 h5 39.
gxh5+ Kxh5 40. Rxg7 Bd7 41. Bc5 Bb5 42. e4 Qd8 43.
Kg3 f5 44. exf5 Qh4+ 45. Kg2 Qf4 46. Rh7+ Kg5 47. Be7+ Kxf5 48. Rf7+ Ke6 49. Rxf4 exf4 50. Bc5 Kf5 51. Bd6 Kg5 52. h4+ Kxh4 53. Bxf4 Kh5 54. Kf2 Kg6 55. Ke3 Kf5 56. Bc7 Bc4 57. Kd4 Bb5 58.
f4 Be2 59. Ke3 Bf1 60. Kd4 Bb5 61. Kc5 Bd3 62. Kb6 Bb5 63. Be5 Bd3 64. Kc5 Bb5 1/2-1/2

[Event "*** Titled Tuesday Blitz"]
[Site "Chess.com"]
[Date "2018.11.06"]
[Round "5"]
[White "2165149677570"]
[Black "Zarikovs1999"]
[Result "0-1"]
[WhiteElo "2387"]
[BlackElo "2352"]
[TimeControl "180+2"]
[EndTime "14:07:36 PST"]
[Termination "Zarikovs1999 won by resignation"]

1. e4 c5 2. Nf3 Nf6 3. e5 Nd5 4. Nc3 Nxc3 5. dxc3 Nc6 6. Bf4 Qb6 7. b3 Qc7 8. Bg3 e6 9. Bd3 b6 10. Qe2 h6 11. Nd2 Bb7 12. a4 d5 13. exd6 Bxd6 14. Nc4 Bxg3 15. hxg3 Rd8 16. O-O-O Ne7 17. Be4 Bxe4 18.
Qxe4 Rxd1+ 19. Rxd1 O-O 20. Qd3 Nd5 21. Ne3 Nxe3 22. Qxe3 Rd8 23. Rxd8+ Qxd8 24. Qd2 Qd5 25. Qxd5 exd5 26. a5 f6 27. Kb2 Kf7 28. Ka3 b5 29. c4 dxc4 30. bxc4 b4+ 31. Ka4 a6 32. c3 bxc3 33. Kb3 Ke6 34. Kxc3 Ke5 35. Kd3 g5 36. Ke3 h5 37. f3 g4 38. fxg4 hxg4 39. Kd3 f5 40.
Ke3 Ke6 41. Kf4 Kf6 42. Ke3 Ke5 43. Kd3 f4 44. gxf4+ Kxf4 45. Ke2 Ke4 46. Kf2 Kd4 47. Kg3 Kxc4 48. Kxg4 Kb3 49. Kh5 c4 50. g4 c3 51.
g5 c2 52. g6 c1=Q 53. g7 Qg1 54. Kh6 Kb4 0-1

[Event "*** Titled Tuesday Blitz"]
[Site "Chess.com"]
[Date "2018.11.06"]
[Round "5"]
[White "MatyChess1"]
[Black "Chessialist"]
[Result "1-0"]
[WhiteElo "2521"]
[BlackElo "2467"]
[TimeControl "180+2"]
[EndTime "14:07:38 PST"]
[Termination "MatyChess1 won by resignation"]

1. e4 c5 2. Nf3 e6 3. g3 b6 4. Bg2 Bb7 5. Qe2 g6 6. O-O Bg7 7. c3 Nc6 8. Rd1 Nge7 9. d4 cxd4 10.
cxd4 d5 11. e5 O-O 12. Nc3 Rc8 13. Bf4 Na5 14. Rac1 Qd7 15. b3 Rc7 16. Rc2 Rfc8 17. Rdc1 a6 18. Ne1 Nec6 19. Qd2 Nb4 20. Rb2 Nxa2 21.
Nxa2 Rxc1 22. Nxc1 Bc6 23. Rc2 Bb5 24. Rxc8+ Qxc8 25. Qc2 Qd7 26. Bd2 Bf8 27. h4 Ba3 28. Na2 Qc6 29. Bxa5 bxa5 30. Bf1 Qxc2 31. Nxc2 Bb2 32. Bxb5 axb5 33. Kf1 b4 34. Ke2 a4 35. bxa4 b3 36.
Nab4 bxc2 37. Nxc2 Bc3 38. g4 Kf8 39. Kd3 Ba5 40.
f3 Ke7 41. Na1 h5 42. gxh5 gxh5 43. Nc2 f6 44. f4 f5 45. Ke3 Kd7 46. Kd3 Kc6 47.
Ke2 Kd7 48. Kd3 Kc6 49. Ke3 Bd8 50. Nb4+ Kb7 51. Nd3 Bxh4 52. Nc5+ Kc6 53. Nxe6 Be1 54. Ng7 h4 55. Kf3 h3 56. Nxf5 Kd7 57. Ne3 h2 58. Kg2 Bf2 59. Nc2 Ke6 60. a5 1-0

[Event "*** Titled Tuesday Blitz"]
[Site "Chess.com"]
[Date "2018.11.06"]
[Round "5"]
[White "Iyael"]
[Black "AndrewMcStone"]
[Result "1-0"]
[WhiteElo "2040"]
[BlackElo "2133"]
[TimeControl "180+2"]
[EndTime "14:07:41 PST"]
[Termination "Iyael won by resignation"]

1. e4 e6 2. d4 d5 3. e5 c5 4. c3 Nc6 5. Nf3 Bd7 6. Be2 f6 7.
exf6 Nxf6 8. O-O Qc7 9. Bg5 Bd6 10. dxc5 Bxc5 11. b4 Bd6 12. b5 Na5 13. a4 O-O 14. Bh4 Ne4 15. Qd3 Rac8 16. Rc1 Nb3 17. Nbd2 Nxc1 18.
Rxc1 Nxd2 19. Nxd2 Bxh2+ 20. Kh1 Bf4 21. Rc2 Be8 22. Qh3 Bg6 23. Qxe6+ Kh8 24. Ra2 Rce8 25. Qg4 Bxd2 26. Rxd2 Qf4 27. Qxf4 Rxf4 28. Bg3 Rxa4 29. Bf3 Be4 30. Bd1 Ra1 31. Kh2 Rc8 32. Be5 Re8 33.
Bd4 h6 34. Bh5 Rf8 35. f3 Bh7 36. Bg4 Bg8 37. Re2 Kh7 38. Re7 Rf7 39. Re8 Rb1 40.
Be6 Kg6 41. Rxg8 Re7 42. Bxd5 Rxb5 43. Be4+ Kf7 44. Rxg7+ Kf8 45. Rg6 Rh5+ 46. Kg3 Rg5+ 47. Rxg5 hxg5 48. Kg4 a5 49. Kxg5 Rc7 50. Kf4 a4 51. Bd5 a3 52. Bb3 b5 53. g4 Re7 54.
Bc5 1-0

[Event "*** Titled Tuesday Blitz"]
[Site "Chess.com"]
[Date "2018.11.06"]
[Round "5"]
[White "lucasmito"]
[Black "TrimitziosP7"]
[Result "1-0"]
[WhiteElo "2479"]
[BlackElo "2673"]
[TimeControl "180+2"]
[EndTime "14:07:43 PST"]
[Termination "lucasmito won by resignation"]

1. e4 c5 2. Nf3 d6 3. Bb5+ Bd7 4. Bxd7+ Qxd7 5. c4 Nc6 6. d4 cxd4 7. Nxd4 Nf6 8. Nc3 g6 9. b3 Bg7 10. Bb2 O-O 11. O-O Rac8 12. Nxc6 bxc6 13. Qe2 Qb7 14. Rfd1 Nd7 15. Na4 c5 16. Bxg7 Kxg7 17. Nc3 Nb8 18.
e5 dxe5 19. Qxe5+ f6 20. Qe6 Rfd8 21. Nd5 Nc6 22. Re1 Rd6 23. Qe4 e5 24. Rad1 Nd4 25.
Nxf6 Qxe4 26. Nxe4 Ra6 27. Rd2 h6 28. f4 Re6 29.
Red1 exf4 30. Nxc5 Rxc5 31. Rxd4 g5 32. Rd7+ Kf6 33. R1d6 Re5 34. Rxe6+ Rxe6 35. Rxa7 Re2 36. Ra5 Kg6 37. c5 Rc2 38. b4 Kf5 39. c6+ Ke6 40.
b5 Kd6 41. Ra3 Kc5 42. Rb3 Kb6 43. a4 Rc4 44. Ra3 Ka5 45. Kf2 g4 46. h3 Rc2+ 47.
Kf1 h5 48. Ra1 Rc3 49. Rb1 Kb6 50. a5+ Kxa5 51. b6 gxh3 52. gxh3 Rxh3 53. Kf2 1-0